 Dungeon Crawl Stone Soup version 0.16-a0-3940-gf8a207b (console) character file.

298 MarvinPA the Cudgeler (level 6, -2/44 HPs)
             Began as a Mummy Skald on Feb 7, 2015.
             Slain by a centaur (8 damage)
             ... on level 5 of the Dungeon.
             The game lasted 00:10:28 (4211 turns).

MarvinPA the Cudgeler (Mummy Skald)                 Turns: 4211, Time: 00:10:28

Health: -2/44      AC:  4    Str: 15      XL:     6   Next: 13%
Magic:  10/10      EV: 11    Int: 13      God:
Gold:   168        SH:  0    Dex:  4 (11) Spells: 4 memorised, 1 level left

rFire  x . .     SeeInvis .     a - +0 whip (venom)
rCold  + . .     Clarity  .     k - +0 robe
rNeg   + + +     SustAb   .     (no shield)
rPois  ∞         Gourm    .     (no helmet)
rElec  .         Spirit   .     m - +0 cloak
rCorr  .         Warding  .     f - +0 pair of gloves
rMut   .         Stasis   .     (no boots)
MR     .....                    g - amulet of regeneration
Stlth  +.........               (no ring)
                                (no ring)

@: not resistant to hostile enchantments, very unstealthy
A: no food or potions, fire vulnerability, restore body, cold resistance 1,
negative energy resistance 3, poison resistance, torment resistance, unbreathing
a: no special abilities


You were on level 5 of the Dungeon.
You were not hungry.

You visited 1 branch of the dungeon, and saw 5 of its levels.

You collected 168 gold pieces.


Innate Abilities, Weirdness & Mutations

You do not eat or drink.
Your flesh is vulnerable to fire.
Your flesh is cold resistant.
You are immune to negative energy.
Your system is resistant to poisons.
You are immune to unholy pain and torment.
You can survive without breathing.


   Skills:
 - Level 2.0 Fighting
 - Level 5.1 Maces & Flails
 - Level 0.7 Armour
 - Level 0.7 Dodging
 + Level 2.2 Spellcasting
 + Level 2.7 Charms


You had one spell level left.
You knew the following spells:

 Your Spells              Type           Power        Failure   Level  Hunger
a - Shroud of Golubria    Chrm/Tloc      #.........   24%         2    N/A
c - Spectral Weapon       Hex/Chrm       #.......     52%         3    N/A
x - Song of Slaying       Chrm           #.......     14%         2    N/A
z - Infusion              Chrm           #.....       10%         1    N/A

Inventory:

Hand weapons
 a - a +0 whip of venom (weapon)
 b - a +0 blowgun
 c - a +0 mace
Missiles
 h - 203 stones (quivered)
 n - 4 tomahawks of dispersal {=f}
 p - 12 poisoned needles
Armour
 f - a +0 pair of gloves (worn)
 k - a +0 robe (worn)
 m - a +0 cloak (worn)
Jewellery
 g - an amulet of regeneration (around neck)
Magical devices
 s - a wand of random effects (21)
Scrolls
 d - 2 scrolls of amnesia
 e - 4 scrolls of remove curse
 i - a scroll of random uselessness
 j - a scroll of magic mapping
 l - a scroll of fog
 r - a scroll of recharging
Books
 o - a book of Necromancy
 q - a book of Battle

Dungeon Overview and Level Annotations

Branches:
Dungeon (5/15)
 Temple: D:4-7

Altars:
Elyvilon
Fedhas
Okawaru
Sif Muna
Trog

Shops:
D:4 *   D:5 !

Annotations:
D:3 Johnny's ghost, average OgWz

#..# ####### ####.##
#....... #.....# ##
#.......#
#.....#.##.#....!...
#....)..##O#........
#....#..##...........
#....#..####†........
#....#..#.cO........?
#..(.#..#M##.......#
#....#..#.##(.......
###....#..#.####.####.
#........>#.# .#
#.#########.# .# #.#
#.# .# #)# #.# #.# #.#
#.#########.#


You could see an ogre and a centaur.


Message History

The centaur shouts!
An ogre comes into view. It is wielding a giant club.
The ogre shouts!
The centaur wields a shortbow.
The centaur shoots an arrow.
The arrow barely misses you.
The giant mite bites you but does no damage.
Found a scroll labeled THIPYR FRICVOY.
The centaur shoots an arrow.
The arrow hits you!
You hit the giant mite.
The giant mite is poisoned.
The giant mite is moderately wounded.
The giant mite bites you.
You hit the giant mite.
You kill the giant mite!
The centaur shoots an arrow.
The arrow hits you!
The centaur shoots an arrow.
The arrow hits you!
* * * LOW HITPOINT WARNING * * *
You see here an arrow.
The centaur shoots an arrow.
The arrow hits you.
* * * LOW HITPOINT WARNING * * *
You see here an arrow.
Read which item? (? for menu, Esc to quit)
As you read the scroll labeled PSIEPUPPUGHA, it crumbles to dust.
Your ears itch!
It was a scroll of random uselessness.
The centaur unwields a shortbow.
The centaur barely misses you. The centaur hits you!
* * * LOW HITPOINT WARNING * * *
You see here an arrow.
You hit the centaur but do no damage.
The centaur is poisoned.
The centaur hits you!
You die...

Action                   |  1- 3 |  4- 6 || total
-------------------------+-------+-------++-------
Melee: Mace              |    17 |     9 ||    26
       Whip              |   129 |   259 ||   388
 Fire: Blowgun           |       |     2 ||     2
Throw: Stone             |       |    43 ||    43
       Tomahawk          |       |     1 ||     1
 Cast: Infusion          |       |     1 ||     1
  Use: Scroll            |       |     7 ||     7
 Stab: Sleeping          |       |     1 ||     1

Vault maps used:
D:1:      kilobyte_arrival_exit_the_forest, lemuel_old_faithful
D:2:      first_bread, nrook_uturn, minmay_misc_feat_rows,
          hangedman_glass_teeth, grunt_ministairs_2, lemuel_blue_sif_altar
D:3:      nicolae_overflow_crystal_walls, lemuel_round_altar,
          okawaru_altar_gauntlet_db
D:4:      lemuel_coloured_pillars_altar, serial_shops,
          nicolae_shop_temple_entry_statues_fountains, grunt_ministairs_15,
          minmay_bad_closet
D:5:      beetle_altar_2, temple_statues, serial_shops, shop,
          kennysheep_generic_room_7, uniq_iyjb

Notes
Turn   | Place    | Note
--------------------------------------------------------------
     0 | D:1      | MarvinPA, the Mummy Skald, began the quest for the Orb.
     0 | D:1      | Reached XP level 1. HP: 16/16 MP: 3/3
   286 | D:1      | Reached skill level 2 in Maces & Flails
   363 | D:1      | Reached XP level 2. HP: 15/22 MP: 4/4
  1227 | D:2      | Reached XP level 3. HP: 18/27 MP: 6/6
  1325 | D:2      | Reached skill level 3 in Maces & Flails
  1786 | D:2      | Learned a level 2 spell: Shroud of Golubria
  1790 | D:2      | Learned a level 3 spell: Spectral Weapon
  1874 | D:2      | Found a deep blue altar of Sif Muna.
  2472 | D:3      | Reached XP level 4. HP: 17/33 MP: 7/7
  2517 | D:3      | Found a bloodstained altar of Trog.
  2633 | D:3      | Reached skill level 4 in Maces & Flails
  2973 | D:3      | Found a blossoming altar of Fedhas.
  3058 | D:3      | Found an iron altar of Okawaru.
  3072 | D:3      | Reached XP level 5. HP: 36/38 MP: 9/9
  3189 | D:3      | Noticed Johnny's ghost (average OgWz)
  3284 | D:4      | Learned a level 2 spell: Song of Slaying
  3494 | D:4      | Found a white marble altar of Elyvilon.
  3567 | D:4      | Found Ydwuagaq's Assorted Antiques.
  3816 | D:4      | Reached skill level 5 in Maces & Flails
  4047 | D:5      | Entered Level 5 of the Dungeon
  4047 | D:5      | Found Grab's Distillery.
  4087 | D:5      | Reached XP level 6. HP: 33/44 MP: 10/10
  4125 | D:5      | Noticed Ijyb
  4151 | D:5      | Killed Ijyb
  4201 | D:5      | Noticed a centaur
  4202 | D:5      | Noticed an ogre
  4211 | D:5      | Slain by a centaur

Vanquished Creatures
  An orc wizard (D:3)
  2 worker ants
  Ijyb (D:5)
  7 adders
  A gnoll (D:3)
  A giant mite (D:5)
  2 worms (D:2)
  An adder skeleton (D:4)
  5 giant geckos
  16 orcs
  12 bats
  4 giant cockroaches
  13 hobgoblins
  2 jackals (D:1)
  A quokka (D:3)
  2 giant newts
  11 goblins
  A jackal skeleton (D:4)
  7 kobolds
  8 rats
98 creatures vanquished.
